 Dungeon Crawl Stone Soup version 0.30-b1-2-g02819fbbbe (webtiles) character file.

Game seed: 3202535384542173229

112669 LLlMATKO the Warrior (level 16, -4/152 HPs)
             Began as a Minotaur Berserker on Nov 30, 2023.
             Was the Champion of Trog.
             Slain by a manticore (6 damage)
             ... summoned by an orange crystal statue
             ... on level 15 of the Dungeon.
             The game lasted 00:26:38 (25009 turns).

LLlMATKO the Warrior (Minotaur Berserker)          Turns: 25009, Time: 00:26:39

Health: -4/152     AC: 24    Str: 29    XL:     16   Next: 12%
Magic:  0/15       EV: 17    Int: 10    God:    Trog [******]
Gold:   2772       SH:  0    Dex: 11    Spells: 15/15 levels left

rFire   + . .        Q - +4 broad axe (heavy)
rCold   . . .        A - +8 tower shield of Miracles {Will- rCorr Int+3}
rNeg    . . .        a - +3 plate armour {rPois}
rPois   +            (helmet restricted)
rElec   .            r - +1 cloak "Baokhlyek" {rF+ Will- Slay+3}
rCorr   +            L - +0 pair of gloves
SInv    .            (no boots)
Will    .....        m - amulet of reflection Stlth
                     e - ring of flight
HPRegen 0.45/turn    T - ring of the Good {EV+5 Int+3 Slay+5}
MPRegen 0.14/turn

%: reflection
@: confused, flying
A: horns 2, retaliatory headbutt
a: Renounce Religion, Berserk, Trog's Hand, Brothers in Arms


You were on level 15 of the Dungeon.
You worshipped Trog.
Trog was exalted by your worship.
You visited 3 branches of the dungeon, and saw 22 of its levels.
You also visited: Sewer, Gauntlet and Volcano.

You collected 2772 gold pieces.

Inventory:

Hand Weapons
 E - a +2 hand axe of flaming
 Q - a +4 heavy broad axe (weapon)
 Z - a +9 broad axe of protection
Missiles
 q - 33 poisoned darts (quivered)
 v - 3 curare-tipped darts
 z - 6 atropa-tipped darts
 D - a throwing net
 W - 6 javelins
Armour
 a - a +3 plate armour of poison resistance (worn)
 r - the +1 cloak "Baokhlyek" (worn) {rF+ Will- Slay+3}
   (You found it on level 3 of the Dungeon)

   Slay:      It affects your accuracy & damage with ranged weapons and melee
   (+3).
   rF:        It protects you from fire.
   Will:      It decreases your willpower.
 x - the +7 chain mail "Rimoecin" {rN+ rCorr}
   (You took it off a minotaur in a Gauntlet)

   rN:        It protects you from negative energy.
   rCorr:     It protects you from acid and corrosion.
 y - the +1 kite shield of Indomitability {rElec Str+3}
   (You found it on level 4 of the Dungeon)

   Str:       It affects your strength (+3).
   rElec:     It insulates you from electricity.
 A - the +8 tower shield of Miracles (worn) {Will- rCorr Int+3}
   (You took it off a minotaur in a Gauntlet)

   Int:       It affects your intelligence (+3).
   rCorr:     It protects you from acid and corrosion.
   Will:      It decreases your willpower.
 L - a +0 pair of gloves (worn)
 R - the +4 pearl dragon scales of Muacua {rN+ Regen+}
   (You found it in a Gauntlet)

   rN:        It protects you from negative energy.
   Regen:     It increases your rate of health regeneration.
 V - a +2 cloak of fire resistance
Jewellery
 e - a ring of flight (left hand)
 j - the ring "Huazex" {Ice SInv}
   (You found it in a Gauntlet)

   [ring of ice]

   It enhances your ice magic.
   rF:        It makes you vulnerable to fire.
   rC:        It protects you from cold.
   SInv:      It lets you see invisible.
 m - an amulet of reflection (around neck)
 P - a ring of positive energy
 T - the ring of the Good (right hand) {EV+5 Int+3 Slay+5}
   (You found it on level 4 of the Lair of Beasts)

   [ring of evasion]

   EV:        It affects your evasion (+5).
   Int:       It affects your intelligence (+3).
   Slay:      It affects your accuracy & damage with ranged weapons and melee
   (+5).
 X - a ring of protection from cold
 Y - a ring of fire
Wands
 n - a wand of digging (5)
 o - a wand of flame (37)
 J - a wand of quicksilver (12)
 N - a wand of polymorph (7)
 O - a wand of paralysis (14)
 U - a wand of iceblast (3)
Scrolls
 d - a scroll of enchant weapon
 f - 3 scrolls of noise
 g - a scroll of blinking
 h - 12 scrolls of identify
 k - 3 scrolls of butterflies
 l - 7 scrolls of teleportation
 F - a scroll of fear
 I - a scroll of poison
 K - 4 scrolls of enchant armour
 S - 4 scrolls of fog
Potions
 b - 3 potions of invisibility
 c - 13 potions of curing
 i - 3 potions of mutation {unknown}
 p - 5 potions of haste {unknown}
 s - 2 potions of cancellation {unknown}
 t - 3 potions of magic {unknown}
 u - 6 potions of heal wounds {unknown}
 w - 3 potions of might {unknown}
 B - 10 potions of ambrosia
 C - 2 potions of resistance {unknown}
 G - 3 potions of brilliance {unknown}
 H - a potion of berserk rage {unknown}
 M - 5 potions of degeneration {unknown}


   Skills:
 + Level 16.3 Fighting
 + Level 16.2 Axes
 + Level 16.0 Armour
 + Level 14.8 Dodging
 + Level 15.2 Shields


You had 15 spell levels left.
You didn't know any spells.
Your spell library was empty.

Dungeon Overview and Level Annotations

Branches:
Dungeon (15/15)            Temple (0/1) D:6            Lair (5/5) D:10
  Swamp (0/4) Lair:3        Snake (0/4) Lair:3        Slime (0/5) Lair:5
    Orc (2/2) D:10            Elf (0/3) Orc:2        Vaults (0/5) D:14
 Depths (0/4) D:15          Sewer (visited)         Volcano (visited)
Gauntlet (visited)

Altars:
Ashenzari
Cheibriados
Dithmenos
Fedhas
Nemelex Xobeh
Qazlal
Ru
Sif Muna
Vehumet
Wu Jian
Yredelemnul
Zin
Jiyva

Shops:
D:3 *   D:7 =   D:9 [   D:10 (   Orc:1 *[   Orc:2 [=*(

Annotations:
D:15 1 runed translucent door, exclusion: 3 orange crystal statues
Lair:5 1 runed translucent door


Innate Abilities, Weirdness & Mutations

You have a pair of horns on your head.
You reflexively headbutt those who attack you in melee.


Message History

Trog accepts your kill.
The tengu conjurer dissolves into shadows! x2
You open the komodo dragon like a pillowcase!!!
You kill the komodo dragon!
The komodo dragon's corpse dissolves into shadows!
You hit the manticore. You slice the centaur warrior!!
The centaur warrior hits you but does no damage.
The centaur warrior kicks you but does no damage.
The meliai closely misses you. The meliai misses you.
The centaur warrior misses you.
The centaur warrior kicks you but does no damage.
The manticore completely misses you. The manticore claws you.
* * * LOW HITPOINT WARNING * * *
The manticore closely misses you. The meliai hits you with a +0 hand axe.
* * * LOW HITPOINT WARNING * * *
The meliai stings you but does no damage.
Unknown command.
Unknown command.
You're too confused to move!
The centaur warrior completely misses you.
The centaur warrior misses you. The meliai misses you.
The meliai closely misses you.
The orange crystal statue fixes its piercing gaze on you.
Something tries to feed on your intellect!
The orange crystal statue fixes its piercing gaze on you.
You feel your power leaking away. The manticore barely misses you.
The manticore closely misses you.
The manticore claws you but does no damage.
The centaur warrior completely misses you.
The centaur warrior kicks you but does no damage.
The meliai mumbles some strange prayers to its god against you.
Something smites you!
* * * LOW HITPOINT WARNING * * *
Unknown command.
You bump into the stone wall.
The meliai completely misses you.
The meliai stings you but does no damage.
The centaur warrior barely misses you.
The centaur warrior kicks you but does no damage.
The manticore completely misses you. The manticore claws you.
You die...

.# #...####.##...#####.# #......
.# #...................# #......
.# #....#########......# #......
.# #....#8.....8#......# #...##.
.# #....#.#...#.#......# #...##.
.# #....#.....Cu#......# #...##.
.# #....+...[JJH'......# #...##.
.# #....#...cuyc#......# #...##.
.# #....#.#.○.#@#......# #...##.
.# #....#8...zH.#......# #...##.
.# #....#########......# #...##.
.# #...................# #...##.
.# #...#.....#.........# #...##.
.####...###..##.........###...##.
........# #...................##.
######### #######################


You could see 3 orange crystal statues, 2 ugly things, a skeletal warrior
(summoned), a titanic slime creature (summoned), a large slime creature
(summoned), 2 centaur warriors, 2 manticores, a cyclops (summoned) and a meliai
(summoned).

Vanquished Creatures
  Jorgrun (D:15)
  Kirke (D:15)
  2 orc warlords (Orc:2)
  A minotaur (Gauntlet)
  A red draconian (Volcano)
  An ettin (Orc:1)
  Snorg (Lair:4)
  A fire dragon (D:14)
  4 boulder beetles
  7 hydras
  3 centaur warriors
  Erica (Orc:1)
  A catoblepas (Lair:4)
  17 death yaks
  2 two-headed ogres
  2 tengu warriors
  2 orc high priests
  Urug (D:12)
  Nergalle (Orc:2)
  A shock serpent (D:14)
  Sonja (Lair:4)
  2 skysharks
  8 skeletal warriors (D:15)
  A salamander mystic (Volcano)
  3 sixfirhies (D:14)
  An orange crystal statue (D:15)
  An orb spider (shapeshifter) (D:14)
  A wolf spider zombie (D:15)
  6 orc knights
  3 wizards
  5 deep elf pyromancers
  2 necromancers
  7 orc sorcerers
  9 ugly things
  5 cyclopes
  5 elephants
  4 salamanders (Volcano)
  A centaur zombie (D:15)
  A manticore (D:12)
  2 molten gargoyles (Volcano)
  2 gargoyles
  2 black mambas
  A torpor snail (Lair:4)
  13 cane toads
  An unseen horror (D:13)
  An unseen horror (shapeshifter) (D:13)
  A rime drake (Lair:3)
  3 efreet
  3 freezing wraiths (D:14)
  9 komodo dragons
  A yaktaur (D:15)
  A tengu conjurer (D:13)
  A tyrant leech (Lair:3)
  A queen bee (D:13)
  A troll (shapeshifter) (D:14)
  4 meliai (D:13)
  2 polar bears (Lair:5)
  A tarantella (shapeshifter) (D:14)
  7 hornets
  25 blink frogs
  4 raiju
  Grinder (D:4)
  6 dream sheep
  5 slime creatures (D:12)
  Sigmund (D:5)
  A centaur simulacrum (D:15)
  24 spriggans
  A spriggan (shapeshifter) (D:15)
  2 shadows (D:11)
  2 vampires
  41 yaks
  3 wyverns (Lair:4)
  5 fire bats
  5 hogs (D:15)
  Menkaure (D:4)
  A steam dragon (D:7)
  7 vampire mosquitoes (D:12)
  3 basilisks
  8 wargs
  A swamp worm (Lair:3)
  3 acid dragons (D:12)
  21 water moccasins
  33 orc warriors
  5 ice beasts
  3 black bears (Lair:5)
  26 wolves
  6 boggarts
  14 centaurs
  7 ogres
  2 phantoms
  2 kobold brigands
  16 bullfrogs
  5 scorpions
  8 wights
  22 killer bees
  5 jellies
  A howler monkey (D:10)
  4 lava snakes (Volcano)
  16 orc priests
  2 gnoll boudas
  6 hounds
  2 iguanas
  An iron imp (D:5)
  2 sleepcaps (D:7)
  Ijyb (D:3)
  27 orc wizards
  6 hell rats (Lair:5)
  2 lightning spires (Gauntlet)
  14 gnolls
  10 adders
  9 river rats (Sewer)
  3 shadow imps (Gauntlet)
  3 ufetubi
  A worm (D:2)
  4 dart slugs
  70 orcs
  8 bats
  8 endoplasms
  A giant cockroach (D:3)
  10 hobgoblins
  6 jackals
  2 quokkas
  8 ball pythons
  2 frilled lizards (Sewer)
  4 goblins
  22 kobolds
  22 rats (Sewer)
776 creatures vanquished.

Vanquished Creatures (others)
  2 orcs (D:15)
  33 fungi
  35 plants
70 creatures vanquished.

Grand Total: 846 creatures vanquished

Notes
Turn   | Place    | Note
-------+----------+-------------------------------------------
     0 | D:1      | LLlMATKO the Minotaur Berserker began the quest for the
                  | Orb.
     0 | D:1      | Reached XP level 1. HP: 19/19 MP: 0/0
   625 | D:1      | Reached XP level 2. HP: 24/27 MP: 1/1
  1163 | D:2      | Reached XP level 3. HP: 31/33 MP: 2/2
  1442 | D:3      | Found Zin's Purification Station.
  1444 | D:3      | Found a glowing silver altar of Zin.
  1540 | D:3      | Found a sacrificial altar of Ru.
  1581 | D:3      | Reached XP level 4. HP: 39/41 MP: 3/3
  1694 | D:3      | Noticed Ijyb
  1702 | D:3      | Killed Ijyb
  1846 | D:3      | Identified the +1 cloak "Baokhlyek" {rF+ Will- Slay+3}
  1934 | D:4      | Noticed a scorpion
  1961 | D:4      | Killed a scorpion
  1961 | D:4      | Reached ** piety under Trog
  1962 | D:4      | Reached XP level 5. HP: 44/47 MP: 4/4
  2029 | D:4      | Found a glowing drain.
  2038 | Sewer    | Entered a sewer
  2060 | Sewer    | Reached skill level 5 in Fighting
  2153 | Sewer    | Reached skill level 5 in Axes
  2298 | Sewer    | Reached XP level 6. HP: 54/56 MP: 5/5
  2390 | Sewer    | Reached *** piety under Trog
  2811 | D:4      | Noticed Grinder
  2828 | D:4      | Paralysed by Grinder for 3 turns
  2831 | D:4      | Killed Grinder
  2832 | D:4      | Reached skill level 5 in Armour
  2832 | D:4      | Reached XP level 7. HP: 40/62 MP: 6/6
  2844 | D:4      | Identified the +1 kite shield of Indomitability {rElec
                  | Str+3}
  2981 | D:4      | Noticed Menkaure
  2986 | D:4      | Killed Menkaure
  2987 | D:4      | Reached skill level 1 in Shields
  3015 | D:4      | Reached skill level 5 in Dodging
  3489 | D:5      | Entered Level 5 of the Dungeon
  3670 | D:5      | Found a blossoming altar of Fedhas.
  3889 | D:5      | Noticed Sigmund
  3901 | D:5      | Reached XP level 8. HP: 71/71 MP: 7/7
  3909 | D:5      | Killed Sigmund
  4048 | D:5      | Reached **** piety under Trog
  4353 | D:5      | Found a snail-covered altar of Cheibriados.
  4858 | D:6      | Reached XP level 9. HP: 75/79 MP: 8/8
  4996 | D:6      | Found an ornate altar of the Wu Jian Council.
  5004 | D:6      | Found a staircase to the Ecumenical Temple.
  5177 | D:6      | Reached skill level 5 in Shields
  5319 | D:6      | Found a broken altar of Ashenzari.
  5388 | D:7      | Reached ***** piety under Trog
  5501 | D:7      | Found Dirocy's Jewellery Emporium.
  5882 | D:7      | Found a sparkling altar of Nemelex Xobeh.
  5882 | D:7      | Found a basalt altar of Yredelemnul.
  6865 | D:8      | Reached XP level 10. HP: 66/90 MP: 9/9
  7438 | D:9      | Received a gift from Trog
  7490 | D:9      | Found a shimmering blue altar of Sif Muna.
  7491 | D:9      | Found a stormy altar of Qazlal.
  7841 | D:9      | Noticed a two-headed ogre
  7843 | D:9      | Found a radiant altar of Vehumet.
  7848 | D:9      | Killed a two-headed ogre
  7993 | D:9      | Found Yreb's Armour Shop.
  8326 | D:10     | Entered Level 10 of the Dungeon
  8379 | D:10     | Found a staircase to the Orcish Mines.
  8379 | D:10     | Found Boquim's Weapon Boutique.
  8767 | D:10     | Noticed a death yak
  8767 | D:10     | Noticed a death yak
  8769 | D:10     | Found a staircase to the Lair.
  8776 | D:10     | Killed a death yak
  8777 | D:10     | Reached skill level 10 in Fighting
  8777 | D:10     | Reached skill level 10 in Axes
  8777 | D:10     | Killed a death yak
  8778 | D:10     | Reached XP level 11. HP: 99/99 MP: 10/10
  8779 | D:10     | Noticed a death yak
  8939 | D:10     | Killed a death yak
  8940 | D:10     | Reached skill level 10 in Armour
  9072 | Lair:1   | Entered Level 1 of the Lair of Beasts
  9725 | Lair:1   | Received a gift from Trog
  9754 | Lair:1   | Found the +8 whip "Snakebite" {venom, curare, rPois}
 10107 | Lair:2   | Reached skill level 10 in Dodging
 10227 | Lair:2   | Reached XP level 12. HP: 110/110 MP: 11/11
 10575 | Lair:2   | Noticed a six-headed hydra
 10581 | Lair:2   | Killed a nine-headed hydra
 10918 | Lair:3   | Reached skill level 10 in Shields
 10921 | Lair:3   | Noticed a four-headed hydra
 10931 | Lair:3   | Killed a nine-headed hydra
 11337 | Lair:3   | Found a staircase to the Snake Pit.
 11534 | Lair:3   | Found a staircase to the Swamp.
 12122 | Lair:4   | Noticed a seven-headed hydra
 12132 | Lair:4   | Killed a four-headed hydra
 12257 | Lair:4   | Identified the +11 glaive of the Stopping Moth {freeze, Fly
                  | rF+ Dex+3}
 12276 | Lair:4   | Noticed a catoblepas
 12285 | Lair:4   | Killed a catoblepas
 12322 | Lair:4   | Received a gift from Trog
 12349 | Lair:4   | Noticed Snorg
 12355 | Lair:4   | Killed Snorg
 12440 | Lair:4   | Identified the ring of the Good {EV+5 Int+3 Slay+5}
 12479 | Lair:4   | Reached XP level 13. HP: 112/119 MP: 12/12
 12902 | Lair:4   | Noticed Sonja
 12904 | Lair:4   | Killed Sonja
 13202 | Lair:4   | Paralysed by a hornet for 2 turns
 13993 | Lair:5   | Entered Level 5 of the Lair of Beasts
 14645 | Lair:5   | Received a gift from Trog
 14645 | Lair:5   | Found the +11 plutonium sword {Contam Stlth-}
 14647 | Lair:5   | Reached XP level 14. HP: 44/130 MP: 13/13
 14945 | Lair:5   | Found a runed translucent door.
 14945 | Lair:5   | Found a viscous altar of Jiyva.
 14946 | Lair:5   | Found a staircase to the Slime Pits.
 14946 | Lair:5   | Noticed an acid blob
 15032 | Lair:5   | Paralysed by a hornet for 3 turns
 15653 | Lair:5   | Found the +12 glaive of Prune {freeze, Prune}
 16705 | D:12     | Noticed Urug
 16709 | D:12     | Killed Urug
 17840 | D:13     | Received a gift from Trog
 18839 | Orc:1    | Entered Level 1 of the Orcish Mines
 18965 | Orc:1    | Found a dark tunnel.
 18977 | Volcano  | Entered a volcano
 19365 | Volcano  | Found a burning altar of Makhleb.
 19371 | Volcano  | Reached skill level 15 in Fighting
 19726 | Orc:1    | Noticed Erica
 19736 | Orc:1    | Found Cedgho's Gadget Gallery.
 19755 | Orc:1    | HP: 4/202 [something/lance of force (19)]
 19760 | Orc:1    | HP: 2/135 [something (8)]
 19761 | Orc:1    | Killed Erica
 19762 | Orc:1    | Reached XP level 15. HP: 2/141 MP: 14/14
 20085 | Orc:1    | You are sucked into a shaft and drop 1 floor!
 20085 | Orc:2    | Entered Level 2 of the Orcish Mines
 20160 | Orc:1    | Reached skill level 15 in Axes
 20367 | Orc:1    | Found Ucuvax's Antique Armour Shoppe.
 20453 | Orc:2    | Paralysed by an orc sorcerer for 3 turns
 20666 | Orc:2    | Found a staircase to the Elven Halls.
 20669 | Orc:2    | Identified the +6 broad axe of Light {antimagic, rC- rN+
                  | Dex+8} (Trog gifted it to you on level 2 of the Orcish
                  | Mines)
 20669 | Orc:2    | Received a gift from Trog
 20937 | Orc:2    | Noticed Nergalle
 20959 | Orc:2    | Killed Nergalle
 21074 | Orc:2    | Reached skill level 15 in Armour
 21269 | Orc:2    | Reached ****** piety under Trog
 21371 | Orc:2    | Found Sima's General Store.
 21374 | Orc:2    | Found Bedopy's Antique Weapon Boutique.
 21550 | Orc:2    | Found Elugh's Antique Armour Boutique.
 21581 | Orc:2    | Found Ciubloko's Jewellery Boutique.
 21806 | Orc:2    | Found Elugh's Antique Armour Boutique.
 21854 | Orc:2    | Found Ciubloko's Jewellery Boutique.
 21868 | Orc:2    | Found Bedopy's Antique Weapon Boutique.
 21889 | Orc:2    | Found Sima's General Store.
 22000 | Orc:2    | Found a staircase to the Elven Halls.
 22302 | D:14     | Found a shadowy altar of Dithmenos.
 22661 | D:14     | Found the +5 glaive of the Guard {elec, spectral, AC+5}
 22939 | D:14     | Found a gate to the Vaults.
 22970 | D:14     | Identified a scroll of acquirement
 22970 | D:14     | Acquired 570 gold pieces
 23205 | D:15     | Entered Level 15 of the Dungeon
 23299 | D:15     | Found a gate leading to a gauntlet.
 23308 | Gauntlet | Entered a Gauntlet
 23308 | Gauntlet | Found a transporter.
 23308 | Gauntlet | Found a transporter.
 23308 | Gauntlet | Found a transporter.
 23419 | Gauntlet | Found a transporter.
 23431 | Gauntlet | Found a transporter.
 23433 | Gauntlet | Found a transporter.
 23445 | Gauntlet | Found a transporter.
 23465 | Gauntlet | Found a transporter.
 23483 | Gauntlet | Found a transporter.
 23487 | Gauntlet | Found a transporter.
 23497 | Gauntlet | Found a transporter.
 23501 | Gauntlet | Found a transporter.
 23619 | Gauntlet | Received a gift from Trog
 23633 | Gauntlet | Identified the ring "Huazex" {Ice SInv}
 23663 | Gauntlet | Identified the +7 flail "Tuaxilug" {flame, Int+2}
 23663 | Gauntlet | Identified the +7 chain mail "Rimoecin" {rN+ rCorr}
 23663 | Gauntlet | Identified the +8 tower shield of Miracles {Will- rCorr
                  | Int+3}
 23725 | Gauntlet | Identified the +4 pearl dragon scales of Muacua {rN+
                  | Regen+}
 23843 | D:15     | Found a runed translucent door.
 23860 | D:15     | Found the +10 tower shield of Ignorance {rN+ Int-4}
 23865 | D:15     | Found a runed translucent door.
 23865 | D:15     | Noticed Kirke
 23975 | D:15     | Killed Kirke
 24025 | D:15     | Noticed Jorgrun
 24035 | D:15     | Killed Jorgrun
 24036 | D:15     | Reached skill level 15 in Shields
 24259 | D:15     | Reached XP level 16. HP: 137/151 MP: 15/15
 24683 | D:15     | Found a staircase to the Depths.
 25008 | D:15     | HP: 1/152 [meliai/divine providence[an orange crystal
                  | statue] (8)]
 25009 | D:15     | Slain by a manticore

Illustrated notes

Levels and vault maps discovered:
D:1:      minmay_arrival_wavy_path, layout_basic
D:2:      layout_rooms, grunt_ministairs_11
D:3:      layout_basic, nicolae_ru_great_annihilating_truth, zin_purify,
          uniq_ijyb
D:4:      minmay_angry_zag, layout_basic, portal_sewer_entry_d, uniq_grinder,
          uniq_menkaure
D:5:      layout_loops_corners, kennysheep_mini, slow_altar_2,
          chequers_decorated_corner, minmay_quadrilaterals, uniq_sigmund
D:6:      layout_loops_cross, evilmike_ruin_ashenzari, kennysheep_mini_moat,
          temple_pool_b, minmay_misc_feat_five, hangedman_decor_growths
D:7:      layout_gridville, mainiacjoe_overflow_divided_tiny, serial_shops,
          nicolae_shop_real_fake_doors, minmay_crystal_room
D:8:      layout_loops_corners
D:9:      layout_roguey, nicolae_overflow_crystal_walls,
          nicolae_overflow_two_pavilions, nicolae_stop_n_shop_1
D:10:     layout_rooms, dpeg_lair_monsters, orc_david_3
D:11:     layout_stronghold, billiards_dpeg
D:12:     layout_stronghold, uniq_urug
D:13:     layout_basic, special_room [special_room_bee]
D:14:     minmay_shoctagon, layout_loops_cross, david_vaults_4,
          nicolae_dithmenos_the_darkroom
D:15:     grunt_enter_depths_magical_seal, layout_long_grid,
          gauntlet_entry_generic, chequers_guarded_unrand_ignorance,
          uniq_jorgrun, uniq_kirke
Lair:1:   minmay_guarded_unrand_snakebite, layout_layer_cave
Lair:2:   layout_regular_city, infiniplex_staircase_pool_2
Lair:3:   layout_loops_ring, minmay_swamp_entry_worms, dummy_snake_entry,
          chequers_serial_rivers_room_b, grunt_megastairs_5
Lair:4:   kb_forest_paths, layout_loops_ring, beast_lair_carwin_7,
          serial_bayou_shore_b, uniq_snorg, uniq_sonja
Lair:5:   minmay_lair_end_enchanted_forest, layout_gridlike, slime_entry_2,
          grunt_megastairs_2
Orc:1:    layout_caves, nicolae_volcano_entry_batcave, serial_shops,
          nicolae_shop_waterfront, basic_altar, nicolae_shop_gadgets, uniq_erica
Orc:2:    grunt_orc_cross, layout_caves

Skill      XL: |  1  2  3  4  5  6  7  8  9 10 11 12 13 14 15 16 |
---------------+-------------------------------------------------+-----
Fighting       | 4 5 6 7 8 10 11 12 13 15 16 | 16.3
Axes           | 4 5 6 7 8 10 11 12 13 14 16 | 16.2
Armour         | 3 4 5 6 8 9 11 12 13 14 15 16 | 16.0
Dodging        | 3 4 5 6 7 9 10 11 12 13 14 | 14.8
Shields        | 2 4 6 8 9 11 12 13 15 | 15.2

Action                     |  1- 3 |  4- 6 |  7- 9 | 10-12 | 13-15 | 16-18 || total
---------------------------+-------+-------+-------+-------+-------+-------++-------
  Melee: Hand axe          |    87 |   133 |   256 |   232 |    24 |       ||   732
         Headbutt          |     8 |    18 |    50 |    63 |   133 |     6 ||   278
         Punch             |       |     2 |       |       |       |       ||     2
         Broad axe         |       |       |       |   146 |   718 |    30 ||   894
         Unarmed           |       |       |       |       |     6 |       ||     6
  Throw: Dart              |       |       |       |     4 |     6 |       ||    10
 Invoke: Berserk           |     1 |     1 |     1 |     5 |    13 |       ||    21
    Use: Scroll            |       |     8 |       |     1 |    22 |       ||    31
         Potion            |       |       |       |       |     1 |       ||     1
   Stab: Paralysed         |     1 |       |       |       |       |       ||     1
 Armour: Plate armour      |    75 |    63 |    95 |   162 |   290 |    61 ||   746
  Dodge: Dodged            |    43 |    43 |    49 |   128 |   323 |    66 ||   652
  Block: Other             |     6 |    19 |       |       |     2 |       ||    27
         Reflection        |       |     1 |     1 |     4 |    34 |     5 ||    45
         Kite shield       |       |       |   142 |   325 |   667 |       ||  1134
         Tower shield      |       |       |       |       |    59 |    30 ||    89
